Map: 16-Bit LE

Players

BobbyAwesome - Winner!

  • Race: Protoss Protoss
  • League: Diamond
  • Spawn Location: 7:00

MaruMaru

  • Race: Terran Terran
  • League: Diamond
  • Spawn Location: 1:00

VOD

Have the link to the VOD?

Description

Time

  • Played on: May 18, 2018, 3 a.m.
  • Length: 8:17
Show
View Real Time Build Order
Export as new Build Order

BobbyAwesome Protoss - Winner!

Build Orders: Blink Stalkers 

Get SALT Encoding   

  12  0:01  Probe  
  13  0:13  Pylon  
  13  0:20  Assimilator  
  13  0:33  Gateway  
  13  0:34  Probe  
  13  0:42  Probe  
  15  0:51  Probe  
  16  1:03  Probe  
  17  1:07  Gateway  
  17  1:15  Probe  
  18  1:20  Cybernetics Core  
  18  1:27  Zealot  
  18  1:30  Probe  
  21  1:39  Pylon  
  21  1:42  Probe  
  22  1:48  Stalker  
  22  1:50  Stalker  
  26  2:02  Warp Gate  
  26  2:09  Probe  
  27  2:17  Zealot  
  27  2:18  Zealot  
  27  2:22  Assimilator  
  31  2:36  Twilight Council  
  31  2:43  Pylon  
  31  3:01  Probe  
  31  3:04  Shield Battery  
  32  3:06  Blink  
  32  3:13  Probe  
  32  3:15  Pylon  
  32  3:17  Gateway  
  33  3:25  Probe  
  34  3:33  Pylon  
  34  3:38  Probe  
  35  3:56  Shield Battery  
  35  3:57  Probe  
  36  4:03  Pylon  
  36  4:13  Stalker x2  
  36  4:15  Stalker  
  42  4:26  Probe  
  43  4:38  Probe  
  44  4:39  Stalker x2  
  44  4:42  Sentry  
  50  4:50  Probe  
  40  5:04  Zealot x2  
  34  5:16  Stalker  
  36  5:32  Stalker x2  
  40  5:40  Probe  
  41  5:52  Probe  
  41  5:55  Stalker x3  
  48  6:06  Probe  
  49  6:23  Nexus  
  49  6:26  Probe  
  50  6:36  Gateway  
  50  6:47  Pylon  
  50  6:50  Probe  
  51  7:02  Stalker x2  
  51  7:03  Probe  
  48  7:44  Stalker x3  
Show
View Real Time Build Order
Export as new Build Order

MaruMaru Terran 

Build Orders:  

Get SALT Encoding   

  12  0:01  SCV  
  13  0:13  SCV  
  14  0:19  Supply Depot  
  14  0:25  SCV  
  15  0:31  Refinery  
  15  0:40  SCV  
  16  0:47  Barracks  
  16  0:53  SCV  
  17  1:05  Barracks  
  17  1:09  SCV  
  18  1:21  SCV  
  19  1:34  Orbital Command  
  19  1:35  Reaper  
  20  1:40  Supply Depot  
  20  1:53  Reaper  
  21  1:55  Barracks  
  21  2:02  Refinery  
  21  2:08  Reaper  
  22  2:14  SCV  
  23  2:21  Barracks  
  23  2:26  SCV  
  23  2:28  Reaper  
  25  2:40  Reaper  
  26  2:46  Reaper  
  27  2:55  SCV  
  28  2:59  Supply Depot  
  28  3:02  Reaper  
  28  3:05  Supply Depot  
  29  3:09  SCV  
  29  3:12  Reaper  
  31  3:20  Reaper x2  
  33  3:32  SCV  
  34  3:39  Reaper  
  35  3:44  Reaper  
  35  3:45  SCV  
  37  4:00  Reaper  
  37  4:01  Reaper  
  39  4:11  Reaper  
  40  4:19  Reaper  
  41  4:25  Supply Depot  
  41  4:33  Reaper  
  28  4:54  Reaper x3  
  27  5:05  Reaper  
  23  5:15  SCV  
  24  5:26  Reaper  
  24  5:27  SCV  
  24  5:28  Reaper x2  
  25  5:39  SCV  
  26  5:44  Reaper  
  27  5:51  SCV  
  28  5:58  Reaper  
  28  6:00  Reaper  
  28  6:03  SCV  
  31  6:07  Reaper  
  32  6:15  SCV  
  32  6:16  Reaper  
  34  6:27  SCV  
  34  6:30  Reaper  
  34  6:32  Reaper  
  37  6:39  Reaper, SCV  
  39  6:49  Reaper  
  39  6:51  SCV  
  37  7:02  Reaper  
  37  7:03  SCV  
  36  7:15  SCV  
  36  7:28  SCV  
  36  7:29  Reaper  
  35  7:42  SCV  
  35  7:43  Reaper x3  
  36  7:54  SCV  
Tags
 
Add a new tag
Caveats
  • Supply blocks, unpowered buildings, or Contaminate may cause inaccurate times.
  • Supply counts are checked every 10 seconds.